General information
	        
			
        
        - name: BNet
 
        - type: Ladder 1vs1/FFA
 
        - host: Battle.net
 
        - saver: koosha
 
        
map: SecretValley 
        - players: 2
 
        - length: 11:31
 
        - speed: Fast
 - version: 1.22 W3XP
 - replay type:  Public
 
» download(45 KB)
Players
        team 1 (winner) 
              
              
koosha (
teal | 181 APM | 2083 actions | 11:31)
              
 5 Death Knight 
 3 Death Coil
 2 Unholy Aura
 1 Lich 
 1 Frost Nova
 
                » actions 
                
                | Assign group hotkey | 324 |  | 
| Basic commands | 90 |  | 
| Build / train | 49 |  | 
| ESC pressed | 1 |  | 
| Enter build submenu | 15 |  | 
| Enter hero's abilities submenu | 6 |  | 
| Right click | 500 |  | 
| Select / deselect | 150 |  | 
| Select group hotkey | 867 |  | 
| Use ability | 81 |  | 
                2083 total
 » units 
                
                | Acolyte | 12 |  | 
| Ghoul | 3 |  | 
| Crypt Fiend | 9 |  | 
| Gargoyle | 2 |  | 
                26 total
 » buildings
                
                | Graveyard | 1 |  | 
| Crypt | 1 |  | 
| Altar of Darkness | 1 |  | 
| Ziggurat | 5 |  | 
| Tomb of Relics | 1 |  | 
| Nerubian Tower | 5 |  | 
| Halls of the Dead | 2 |  | 
| Black Citadel | 1 |  | 
                17 total
 » build order
                00:05 Graveyard
00:08 Crypt
00:40 Altar of Darkness
01:01 Ziggurat
01:25 Tomb of Relics
02:10 Nerubian Tower
02:10 Nerubian Tower
02:11 Nerubian Tower
02:26 Ziggurat
05:55 Halls of the Dead
06:38 Nerubian Tower
08:02 Ziggurat
09:51 Black Citadel
10:04 Ziggurat
10:06 Ziggurat
» items
                
                | Rod of Necromancy | 4 |  | 
| Potion of Mana | 1 |  | 
                5 total
  
               team 2 (loser) 
              
              
Gruddy.px (
yellow | 93 APM | 1029 actions | 11:03)
              
 2 Crypt Lord 
 1 Carrion Beetles
 1 Spiked Carapace
 
                » actions 
                
                | Assign group hotkey | 50 |  | 
| Basic commands | 17 |  | 
| Build / train | 46 |  | 
| Enter build submenu | 8 |  | 
| Enter hero's abilities submenu | 2 |  | 
| Give item / drop item | 1 |  | 
| Remove unit from queue | 1 |  | 
| Right click | 512 |  | 
| Select / deselect | 246 |  | 
| Select group hotkey | 98 |  | 
| Use ability | 48 |  | 
                1029 total
 » units 
                » buildings
                
                | Crypt | 2 |  | 
| Ziggurat | 3 |  | 
| Altar of Darkness | 1 |  | 
| Tomb of Relics | 1 |  | 
| Halls of the Dead | 1 |  | 
| Nerubian Tower | 1 |  | 
                9 total
 » build order
                00:06 Crypt
00:08 Ziggurat
00:34 Altar of Darkness
00:59 Tomb of Relics
01:58 Ziggurat
02:25 Crypt
03:21 Ziggurat
09:40 Halls of the Dead
10:43 Nerubian Tower
» items
                 
                Chat log
          
(10:56 / All) Gruddy.px: gg^^
(10:57 / All) koosha: gg